 Dungeon Crawl Stone Soup version 0.24.1-11-gbbbb2193e6 (webtiles) character file.

Game seed: 2090541953969454034, levelgen mode: deterministic

70 Peloso the Skirmisher (level 4, 34/35 HPs)
             Began as a Demonspawn Fighter on May 10, 2020.
             Got out of the dungeon alive.
             The game lasted 00:02:43 (1820 turns).

Peloso the Skirmisher (Demonspawn Fighter)          Turns: 1820, Time: 00:02:43

Health: 34/35      AC:  9    Str: 17    XL:     4   Next: 3%
Magic:  4/4        EV:  5    Int: 10    God:
Gold:   80         SH:  9    Dex: 12    Spells: 3/3 levels left

rFire    . . .     SeeInvis .   a - +0 long sword
rCold    . . .     Gourm    .   c - +0 shield
rNeg     . . .     Faith    .   j - +0 chain mail
rPois    .         Spirit   .   (helmet restricted)
rElec    .         Reflect  .   (no cloak)
rCorr    .         Harm     .   (no gloves)
MR       .....                  (no boots)
Stlth    ..........             h - amulet of the acrobat
HPRegen  0.11/turn              (no ring)
MPRegen  0.09/turn              (no ring)

@: no status effects
A: horns 1, spiny 2
a: no special abilities


You escaped.
You were hungry.

You visited 1 branch of the dungeon, and saw 2 of its levels.

You collected 80 gold pieces.

Inventory:

Hand Weapons
 a - a +0 long sword (weapon)
Armour
 b - a +0 scale mail
 c - a +0 shield (worn)
 j - a +0 chain mail (worn)
Jewellery
 h - an amulet of the acrobat (around neck)
Scrolls
 g - a scroll of remove curse {unknown}
 i - a scroll of immolation {unknown}
 p - a scroll of enchant weapon {unknown}
 q - 2 scrolls of blinking {unknown}
Potions
 d - a potion of might
 e - a potion of invisibility {unknown}
 k - a potion of agility {unknown}
 l - a potion of degeneration {unknown}
 m - a potion of flight {unknown}
 n - a potion of cancellation {unknown}
 o - a potion of curing {unknown}
Comestibles
 f - 5 rations


   Skills:
 + Level 3.4 Fighting
 + Level 2.3 Long Blades
 + Level 3.3 Armour
 + Level 0.8 Dodging
 + Level 3.1 Shields


You had 3 spell levels left.
You didn't know any spells.
Your spell library was empty.

Dungeon Overview and Level Annotations

Branches:
Dungeon (2/15)

Altars:
Xom


Innate Abilities, Weirdness & Mutations

You have a pair of small horns on your head.
You are mostly covered in sharp spines.


Message History

The dart slug launches a dart at you. You block the slug dart.
You hit the dart slug but do no damage.
The dart slug is heavily wounded.
You block the dart slug's attack.
You hit the dart slug.
You kill the dart slug!
You have reached level 4!
You feel clever.
Your demonic ancestry asserts itself...
A pair of horns grows on your head!
(D) Dungeon
Where to? (Enter - D:12, ? - help)
What level of the Dungeon? (default 1, ? - help)
You see here a dart slug corpse.
There is a stone staircase leading up here.
You climb upwards.
There is a stone staircase leading down here.
There is a staircase leading out of the dungeon here.
Are you sure you want to leave the Dungeon?
This will make you lose the game!
You have escaped!

#.........######.#........#####
###..##...#.................# #
#.#####.......#####.........# #
.....##.....##.###.#........#####
............###.#.###....#......#
...#.......## ##.## ##...#).#####
......#####.###.#.###.#..#.## #
#.###..# ##.#.#.#.#.##..#..# #
#.##...## ##.#.@.#.###..########
#.##....# ##.#.#.#.#.##..........
........###.###.#.###.#..########
..).....##.## ##.## ##...........
......#....# ##.#.###...####..###
......#..#####.###.#..### #.....
......#...###.#####..## #.####
......#.........# #..#######.####
#####...........# #..............


There were no monsters in sight!

Vanquished Creatures
  2 adders (D:2)
  2 oozes (D:1)
  A worm (D:2)
  4 dart slugs
  A leopard gecko (D:1)
  4 bats
  A giant cockroach (D:2)
  A goblin (D:1)
  3 hobgoblins
  4 kobolds
  2 quokkas (D:2)
  3 frilled lizards
  7 rats
35 creatures vanquished.

Notes
Turn   | Place    | Note
-------+----------+-------------------------------------------
     0 | D:1      | Peloso the Demonspawn Fighter began the quest for the Orb.
     0 | D:1      | Reached XP level 1. HP: 18/18 MP: 1/1
   469 | D:1      | Gained mutation: You are partially covered in sharp spines.
                  | [demonic ancestry]
   469 | D:1      | Reached XP level 2. HP: 7/24 MP: 2/2
  1414 | D:2      | Gained mutation: You are mostly covered in sharp spines.
                  | [demonic ancestry]
  1414 | D:2      | Reached XP level 3. HP: 26/29 MP: 3/3
  1636 | D:2      | Found a shimmering altar of Xom.
  1790 | D:2      | Gained mutation: You have a pair of small horns on your
                  | head. [demonic ancestry]
  1790 | D:2      | Reached XP level 4. HP: 31/35 MP: 4/4
  1820 | D:$      | Got out of the dungeon alive.

Levels and vault maps discovered:
D:1:      minmay_arrival_diagonal_passages, layout_basic,
          serial_co_window_serial, co_window_paths_a, co_window_paths_a,
          co_window_cross_1, co_window_paths_a, co_window_paths_a,
          co_window_corner_b, co_window_paths_c, co_window_2corner,
          co_window_of_opportunity_c, co_window_corner_ca,
          co_window_of_opportunity_b, co_window_broadway_b, co_window_sun,
          co_window_4corner_b, glass_columns_a, minmay_misc_feat_tower
D:2:      layout_basic, lemuel_round_altar, makhleb_heckhound_becter

Skill      XL: |  1  2  3 |
---------------+----------+-----
Armour         | 3 |  3.3
Long Blades    | 2 |  2.3
Shields        | 3 |  3.1
Fighting       | |  3.4
Dodging        | |  0.8

Action                   |  1- 3 |  4- 6 || total
-------------------------+-------+-------++-------
Melee: Long sword        |   101 |       ||   101
  Eat: Chunk             |     2 |       ||     2
Armor: Scale mail        |    19 |       ||    19
       Chain mail        |    20 |       ||    20
Dodge: Dodged            |    28 |       ||    28
Block: Shield            |    62 |       ||    62
       Rpst.: Long sword |     5 |       ||     5
